 Dungeon Crawl Stone Soup version 0.30.1 (webtiles) character file.

Game seed: 8531190896671086171

16656 LustLizard the Geomancer (level 12, -7/73 HPs)
             Began as a Gargoyle Earth Elementalist on July 1, 2023.
             Was an Elder of Vehumet.
             Mangled by a minotaur
             ... wielding the staff of death "Zipaer" {+Blink rF+ rN+ Str-4}
              (15 damage)
             ... in a Gauntlet.
             The game lasted 00:29:25 (16204 turns).

LustLizard the Geomancer (GrEE)                    Turns: 16204, Time: 00:29:25

Health: -7/73      AC: 19    Str: 17    XL:     12   Next: 39%
Magic:  10/22      EV: 12    Int: 26    God:    Vehumet [****..]
Gold:   869        SH:  0    Dex: 10    Spells: 16/24 levels left

rFire   . . .        p - +5 sling of Liod {flame, rPois rC+ Stlth+}
rCold   + . .        (no shield)
rNeg    + + .        J - +1 leather armour of the Rambutan {rN+ Str+6 Int+4}
rPois   ∞            (no helmet)
rElec   +            e - +0 cloak
rCorr   .            c - +0 pair of gloves
SInv    .            o - +0 pair of boots
Will    .....        D - amulet of regeneration
Stlth   ++++         I - ring of wizardry
HPRegen 1.12/turn    w - +4 ring of protection
MPRegen 0.18/turn

%: no teleportation, wizardry (x1)
@: invisible
A: sickness immunity, AC +8, negative energy resistance 1, electricity
resistance, torment resistance 1, petrification resistance
a: Renounce Religion


You were in a Gauntlet.
You worshipped Vehumet.
Vehumet was greatly pleased with you.
You visited 2 branches of the dungeon, and saw 13 of its levels.
You also visited: Bailey and Gauntlet.

You collected 869 gold pieces.

Inventory:

Hand Weapons
 p - the +5 sling of Liod (weapon) {flame, rPois rC+ Stlth+}
   (You found it on level 3 of the Dungeon)

   rC:        It protects you from cold.
   rPois:     It protects you from poison.
   Stlth:     It makes you more stealthy.
Missiles
 x - a throwing net
Armour
 c - a +0 pair of gloves (worn)
 e - a +0 cloak (worn)
 o - a +0 pair of boots (worn)
 r - a +2 robe of cold resistance
 s - a +0 buckler
 J - the +1 leather armour of the Rambutan (worn) {rN+ Str+6 Int+4}
   (You found it on level 9 of the Dungeon)

   Str:       It affects your strength (+6).
   Int:       It affects your intelligence (+4).
   rN:        It protects you from negative energy.
 R - a +2 robe of the Archmagi
Jewellery
 m - a ring of willpower
 n - an amulet of guardian spirit
 v - a ring of flight
 w - a +4 ring of protection (right hand)
 C - the amulet of Roqidgh {Faith Will+}
   (You found it on level 7 of the Dungeon)

   [amulet of faith]

   It allows you to gain divine favour quickly.
   Will:      It increases your willpower.
 D - an amulet of regeneration (around neck)
 I - a ring of wizardry (left hand)
 K - a +6 ring of intelligence
 N - a ring of magical power
 P - the ring "Kilur" {rF+ Str+5 Dex+5}
   (You found it in a Gauntlet)

   [ring of protection from fire]

   Str:       It affects your strength (+5).
   Dex:       It affects your dexterity (+5).
   rF:        It protects you from fire.
 S - the ring "Usyx" {Str+2 SInv}
   (You found it in a Gauntlet)

   [ring of see invisible]

   Str:       It affects your strength (+2).
   SInv:      It lets you see invisible.
Wands
 u - a wand of iceblast (25)
 y - a wand of flame (16)
 H - a wand of polymorph (13)
Scrolls
 a - 7 scrolls of teleportation
 d - 2 scrolls of amnesia {unknown}
 f - 7 scrolls of noise {unknown}
 g - a scroll of magic mapping {unknown}
 h - 5 scrolls of fog {unknown}
 k - 4 scrolls of enchant weapon {unknown}
 q - 7 scrolls of blinking
 z - 2 scrolls of acquirement
 E - a scroll of fear {unknown}
 G - a scroll of summoning
 O - a scroll of immolation {unknown}
 Q - a scroll of enchant armour {unknown}
Potions
 b - a potion of magic
 i - a potion of lignification
 j - 5 potions of curing
 l - 2 potions of cancellation
 A - 2 potions of mutation
 B - 3 potions of might
 F - a potion of resistance
 M - a potion of flight
Miscellaneous
 L - a box of beasts


   Skills:
 + Level 7.9 Fighting
 - Level 4.0 Dodging
 - Level 6.0 Stealth
 + Level 4.6 Shields
 + Level 6.9 Spellcasting
 * Level 10.7 Conjurations
 - Level 4.0 Translocations
 - Level 3.0 Transmutations
 * Level 12.7 Earth Magic


You had 16 spell levels left.
You knew the following spells:

 Your Spells              Type           Power      Damage    Failure   Level
a - Sandblast             Erth           100%       2d20      1%          1
b - Stone Arrow           Conj/Erth      100%       3d13      1%          3
c - Blink                 Tloc           58%        N/A       1%          2
d - Poisonous Vapours     Pois/Air       16%        N/A       1%          2

Your spell library contained the following spells:

 Spells                   Type           Power      Damage    Failure   Level
 Conjure Ball Lightning   Conj/Air       18%        3x3d6     14%         6
 Foxfire                  Conj/Fire      100%       2x1d9     1%          1
 Kiss of Death            Conj/Necr      100%       2d13      1%          1
 Magic Dart               Conj           100%       1d8       1%          1
 Lesser Beckoning         Tloc           58%        N/A       1%          2
 Momentum Strike          Conj/Tloc      94%        3d10      1%          2
 Passwall                 Tmut/Erth      40%        N/A       1%          2
 Mephitic Cloud           Conj/Pois/Air  27%        N/A       1%          3
 Petrify                  Tmut/Erth      49%        N/A       1%          4
 Leda's Liquefaction      Hex/Erth       21%        N/A       2%          4
 Summon Small Mammal      Summ           32%        N/A       3%          1
 Frozen Ramparts          Ice            16%        1d3       3%          3
 Call Imp                 Summ           16%        N/A       4%          2
 Portal Projectile        Hex/Tloc       38%        N/A       4%          3
 Call Canine Familiar     Summ           8%         N/A       10%         3
 Confusing Touch          Hex            8%         N/A       10%         3
 Summon Guardian Golem    Hex/Summ       8%         N/A       10%         3
 Starburst                Conj/Fire      18%        6d7       14%         6
 Ice Form                 Ice/Tmut       16%        N/A       16%         4
 Anguish                  Hex/Necr       4%         N/A       30%         4
 Cause Fear               Hex            4%         N/A       30%         4
 Dispel Undead            Necr           8%         3d8       30%         4
 Summon Ice Beast         Ice/Summ       8%         N/A       30%         4
 Enfeeble                 Hex            4%         N/A       100%        7


Dungeon Overview and Level Annotations

Branches:
Dungeon (12/15)            Temple (1/1) D:5            Lair (0/5) D:11
    Orc (0/2) D:10         Bailey (visited)         Gauntlet (1/1)

Altars:
Ashenzari
Cheibriados
Dithmenos
Elyvilon
Fedhas
Gozag
Hepliaklqana
Makhleb
Nemelex Xobeh
Okawaru
Qazlal
Ru
Sif Muna
Trog
Uskayaw
Vehumet
Xom
Yredelemnul
Zin
The Shining One

Shops:
D:2 (

Annotations:
D:5 1 runed translucent door
D:12 1 transporter, javelincjr's ghost, journeyman DsHW Gauntlet 21 runed translucent doors, 6 transporters


Innate Abilities, Weirdness & Mutations

You are immune to sickness and miasma.
Your stone body is resilient. (AC +8)
You are immune to poison.
You resist negative energy. (rN+)
You are resistant to electric shocks. (rElec)
You are resistant to unholy torment.
You are immune to petrification.


Message History

Aim: a minotaur, wielding the staff of death "Zipaer" {+Blink rF+ rN+ Str-4}, wearing a +2 scale mail of poison resistance, wearing a ring of see invisible and quivering silver javelins (84% to hit)
The stone arrow hits the minotaur!!
The minotaur is heavily wounded.
The minotaur hits you with the staff of death "Zipaer" {+Blink rF+ rN+ Str-4}!!
* * * LOW HITPOINT WARNING * * *
You writhe in agony.
* * * LOW HITPOINT WARNING * * *
The minotaur gores you.
* * * LOW HITPOINT WARNING * * *
Unknown command.
Casting: Stone Arrow (safe; 1% risk of failure)
Confirm with . or Enter, or press ? or * to list all spells.
Aiming: Stone Arrow (safe; 1% risk of failure)
Press: ? - help, Shift-Dir - straight line, f/p - minotaur
Aim: a minotaur, wielding the staff of death "Zipaer" {+Blink rF+ rN+ Str-4}, wearing a +2 scale mail of poison resistance, wearing a ring of see invisible and quivering silver javelins (heavily wounded, 84% to hit)
The stone arrow hits the minotaur!!
The minotaur is severely wounded.
The minotaur completely misses you.
The minotaur gores you but does no damage.
Casting: Stone Arrow (safe; 1% risk of failure)
Confirm with . or Enter, or press ? or * to list all spells.
Aiming: Stone Arrow (safe; 1% risk of failure)
Press: ? - help, Shift-Dir - straight line, f/p - minotaur
Aim: a minotaur, wielding the staff of death "Zipaer" {+Blink rF+ rN+ Str-4}, wearing a +2 scale mail of poison resistance, wearing a ring of see invisible and quivering silver javelins (severely wounded, 84% to hit)
The stone arrow hits the minotaur!
The minotaur is almost dead.
The minotaur hits you with the staff of death "Zipaer" {+Blink rF+ rN+ Str-4}!
* * * LOW HITPOINT WARNING * * *
You writhe in agony.
* * * LOW HITPOINT WARNING * * *
The minotaur gores you but does no damage.
Casting: Stone Arrow (safe; 1% risk of failure)
Confirm with . or Enter, or press ? or * to list all spells.
Aiming: Stone Arrow (safe; 1% risk of failure)
Press: ? - help, Shift-Dir - straight line, f/p - minotaur
Aim: a minotaur, wielding the staff of death "Zipaer" {+Blink rF+ rN+ Str-4}, wearing a +2 scale mail of poison resistance, wearing a ring of see invisible and quivering silver javelins (almost dead, 84% to hit)
The stone arrow hits the minotaur.
The minotaur is almost dead.
The minotaur hits you with the staff of death "Zipaer" {+Blink rF+ rN+ Str-4}!
You die...

#≈...............
#####.###.###.###
###.###.###.###
#.............#
#.###.###.###.#
#.###.###.###.#
#.............#
######'#######
#.@...# ###H###
...≈ ≈∩≈≈# ≈≈≈≈≈#
######


You could see a minotaur.

Vanquished Creatures
  A boulder beetle (D:11)
  A catoblepas (Gauntlet)
  An orc high priest (Bailey)
  2 large abominations (Gauntlet)
  The ghost of cheesebisquit the Trooper, a novice DjIE (D:5)
  A cyclops (D:11)
  A rust devil (Gauntlet)
  An ice statue (D:9)
  A gargoyle (Gauntlet)
  3 kobold demonologists
  A troll (D:5)
  A vampire (D:11)
  2 shadows (D:10)
  A ynoxinul (Gauntlet)
  A wraith (D:11)
  11 yaks
  3 wyverns
  4 steam dragons
  A water moccasin (D:7)
  Duvessa (D:7)
  3 ice beasts
  2 black bears
  23 orc warriors
  2 sky beasts
  3 ogres
  14 centaurs
  3 phantoms
  2 kobold brigands
  Blork the orc (D:6)
  A gnoll sergeant (D:9)
  4 bullfrogs
  7 scorpions
  5 wights
  A troll zombie (D:10)
  Dowan (D:7)
  6 small abominations (Gauntlet)
  A killer bee (D:9)
  2 howler monkeys
  4 electric eels (Bailey)
  2 hounds
  2 jellies
  14 orc priests
  2 gnoll boudas (D:9)
  2 iguanas
  4 iron imps (Gauntlet)
  A sleepcap (D:4)
  11 orc wizards
  7 ogre zombies (D:10)
  Robin (D:2)
  9 adders
  9 gnolls
  3 white imps
  2 worms
  3 dart slugs
  57 orcs
  11 endoplasms
  3 giant cockroaches
  26 hobgoblins
  4 jackals (D:1)
  9 kobolds
  3 quokkas
  9 ball pythons
  11 bats
  15 frilled lizards
  26 goblins
  2 goblin skeletons (D:10)
  2 goblin zombies (D:10)
  A hobgoblin skeleton (D:10)
  3 hobgoblin zombies (D:10)
  2 orc skeletons (D:10)
  15 orc zombies (D:10)
  6 rats
401 creatures vanquished.

Vanquished Creatures (others)
  An orc priest (D:9)
1 creature vanquished.

Grand Total: 402 creatures vanquished

Notes
Turn   | Place    | Note
-------+----------+-------------------------------------------
     0 | D:1      | LustLizard the Gargoyle Earth Elementalist began the quest
                  | for the Orb.
     0 | D:1      | Reached XP level 1. HP: 10/10 MP: 3/3
    64 | D:1      | Found a faded altar of an unknown god.
   150 | D:1      | Reached skill level 1 in Transmutations
   180 | D:1      | Reached XP level 2. HP: 16/16 MP: 3/5
   268 | D:1      | Reached skill level 4 in Earth Magic
   500 | D:1      | Reached XP level 3. HP: 18/20 MP: 1/6
   747 | D:2      | Reached skill level 1 in Fighting
   838 | D:2      | Found Xonyu's Weapon Emporium.
  1046 | D:2      | Noticed Robin
  1122 | D:2      | Reached XP level 4. HP: 25/25 MP: 5/7
  1192 | D:2      | Killed Robin
  1437 | D:2      | Identified the +1 leather armour of Untold Secrets {-Cast
                  | rN+ Str+3}
  1646 | D:2      | Reached XP level 5. HP: 29/29 MP: 5/8
  1732 | D:2      | Reached skill level 5 in Earth Magic
  2250 | D:3      | Found a blossoming altar of Fedhas.
  2250 | D:3      | Found a bloodstained altar of Trog.
  2383 | D:3      | Learned a level 3 spell: Stone Arrow
  2488 | D:3      | Found a sacrificial altar of Ru.
  2879 | D:3      | Identified the +5 sling of Liod {flame, rPois rC+ Stlth+}
  3199 | D:4      | Reached XP level 6. HP: 35/35 MP: 7/10
  3261 | D:4      | Reached skill level 1 in Conjurations
  3541 | D:4      | Found a white marble altar of Elyvilon.
  3936 | D:5      | Entered Level 5 of the Dungeon
  4013 | D:5      | Noticed a troll
  4025 | D:5      | Killed a troll
  4026 | D:5      | Reached skill level 6 in Earth Magic
  4026 | D:5      | Reached XP level 7. HP: 6/40 MP: 1/11
  4315 | D:5      | Found a staircase to the Ecumenical Temple.
  4331 | Temple   | Entered the Ecumenical Temple
  4413 | Temple   | Became a worshipper of Vehumet
  4553 | D:5      | Reached XP level 8. HP: 46/46 MP: 11/13
  4645 | D:5      | Reached skill level 7 in Earth Magic
  4763 | D:5      | Noticed a yak
  4778 | D:5      | Killed a yak
  4881 | D:5      | Identified the +2 ring mail "Mefeax" {Harm *Corrode Dex+4}
  5098 | D:5      | Found a runed translucent door.
  5231 | D:5      | Learned a level 2 spell: Blink
  5335 | D:5      | Found a shadowy altar of Dithmenos.
  5338 | D:5      | Reached skill level 5 in Stealth
  5481 | D:5      | Found a runed translucent door.
  5523 | D:5      | Noticed cheesebisquit's ghost (novice DjIE)
  5664 | D:5      | Reached skill level 5 in Conjurations
  5852 | D:5      | Killed cheesebisquit's ghost
  5853 | D:5      | Reached skill level 1 in Translocations
  5853 | D:5      | Reached skill level 8 in Earth Magic
  5853 | D:5      | Reached XP level 9. HP: 51/52 MP: 1/15
  6390 | D:6      | Noticed Blork the orc
  6397 | D:6      | Killed Blork the orc
  6399 | D:6      | Reached * piety under Vehumet
  6399 | D:6      | Offered knowledge of Foxfire by Vehumet.
  6400 | D:6      | Reached skill level 5 in Fighting
  6400 | D:6      | Reached skill level 9 in Earth Magic
  7316 | D:7      | Found a flagged portal.
  7376 | D:7      | Reached XP level 10. HP: 59/59 MP: 10/17
  7399 | Bailey   | Entered a bailey
  7493 | Bailey   | Reached skill level 5 in Spellcasting
  7755 | Bailey   | Noticed an orc high priest
  7801 | Bailey   | Killed an orc high priest
  7802 | Bailey   | Reached skill level 10 in Earth Magic
  7997 | Bailey   | Reached ** piety under Vehumet
  8082 | Bailey   | Offered knowledge of Poisonous Vapours by Vehumet.
  8215 | Bailey   | Noticed a kobold demonologist
  8346 | Bailey   | Noticed an orange demon
  8346 | Bailey   | Killed a kobold demonologist
  8454 | Bailey   | Found an iron altar of Okawaru.
  9279 | D:7      | Noticed Dowan
  9295 | D:7      | Killed Dowan
  9377 | D:7      | Noticed Duvessa
  9385 | D:7      | Killed Duvessa
  9499 | D:7      | Learned a level 2 spell: Poisonous Vapours
  9502 | D:7      | Identified the amulet of Roqidgh {Faith Will+}
  9691 | D:8      | Found an opulent altar of Gozag.
 10013 | D:8      | Found a basalt altar of Yredelemnul.
 10093 | D:8      | Reached skill level 1 in Shields
 10146 | D:8      | Offered knowledge of Frozen Ramparts by Vehumet.
 10201 | D:8      | Reached XP level 11. HP: 64/64 MP: 17/19
 10738 | D:9      | Reached *** piety under Vehumet
 11064 | D:9      | Reached skill level 11 in Earth Magic
 11860 | D:9      | Got the Catalogue of the Blaze and Evil
 11865 | D:9      | Identified the +1 leather armour of the Rambutan {rN+ Str+6
                  | Int+4}
 11920 | D:10     | Entered Level 10 of the Dungeon
 12416 | D:10     | Offered knowledge of Inner Flame by Vehumet.
 12503 | D:10     | Reached **** piety under Vehumet
 12598 | D:10     | Offered knowledge of Irradiate by Vehumet.
 12742 | D:10     | Found a staircase to the Orcish Mines.
 13465 | D:11     | Found a staircase to the Lair.
 13522 | D:11     | Noticed a boulder beetle
 14329 | D:11     | Killed a boulder beetle
 14330 | D:11     | Reached skill level 12 in Earth Magic
 14490 | D:11     | Noticed a cyclops
 14494 | D:11     | Killed a cyclops
 14495 | D:11     | Reached skill level 10 in Conjurations
 14698 | D:11     | Reached XP level 12. HP: 72/72 MP: 9/21
 14979 | D:12     | Found a transporter.
 14982 | D:12     | Noticed a two-headed ogre
 15060 | D:12     | Noticed javelincjr's ghost (journeyman DsHW)
 15093 | D:12     | Reached ***** piety under Vehumet
 15093 | D:12     | Offered knowledge of Conjure Ball Lightning by Vehumet.
 15180 | D:12     | Found a gate leading to a gauntlet.
 15189 | Gauntlet | Entered a Gauntlet
 15189 | Gauntlet | Found a large runed translucent door.
 15189 | Gauntlet | Found a large runed translucent door.
 15189 | Gauntlet | Found a large runed translucent door.
 15189 | Gauntlet | Found a large runed translucent door.
 15189 | Gauntlet | Found a runed translucent door.
 15189 | Gauntlet | Found a large runed translucent door.
 15189 | Gauntlet | Found a large runed translucent door.
 15189 | Gauntlet | Found a transporter.
 15189 | Gauntlet | Found a transporter.
 15189 | Gauntlet | Found a large runed translucent door.
 15189 | Gauntlet | Found a large runed translucent door.
 15189 | Gauntlet | Found a runed translucent gate.
 15189 | Gauntlet | Found a runed translucent gate.
 15189 | Gauntlet | Found a transporter.
 15222 | Gauntlet | Found a transporter.
 15226 | Gauntlet | Found a transporter.
 15232 | Gauntlet | Noticed a catoblepas
 15240 | Gauntlet | Found a transporter.
 15256 | Gauntlet | Found a transporter.
 15271 | Gauntlet | Found a transporter.
 15276 | Gauntlet | Found a transporter.
 15280 | Gauntlet | Found a transporter.
 15280 | Gauntlet | Found a transporter.
 15280 | Gauntlet | Noticed a catoblepas
 15290 | Gauntlet | Found a transporter.
 15296 | Gauntlet | Found a runed translucent gate.
 15298 | Gauntlet | Found a large runed translucent door.
 15300 | Gauntlet | Found a runed translucent door.
 15311 | Gauntlet | Found a large runed translucent door.
 15311 | Gauntlet | Found a large runed translucent door.
 15311 | Gauntlet | Found a large runed translucent door.
 15312 | Gauntlet | Found a large runed translucent door.
 15312 | Gauntlet | Found a large runed translucent door.
 15313 | Gauntlet | Found a large runed translucent door.
 15313 | Gauntlet | Found a large runed translucent door.
 15825 | Gauntlet | Identified the ring "Kilur" {rF+ Str+5 Dex+5}
 15840 | Gauntlet | Killed a catoblepas
 16183 | Gauntlet | Identified the ring "Usyx" {Str+2 SInv}
 16198 | Gauntlet | Identified the staff of death "Zipaer" {+Blink rF+ rN+
                  | Str-4}
 16198 | Gauntlet | Noticed a minotaur
 16204 | Gauntlet | Mangled by a minotaur

Illustrated notes

Levels and vault maps discovered:
D:1:      minmay_arrival_jagged, layout_rooms,
          dreamdust_ecumenical_altar_statues, chequers_serial_rivers_micro_c
D:2:      layout_loops_ring, serial_shops, shop, minivault_4,
          grunt_decor_fettered, kennysheep_cluttered_room,
          hangedman_decor_peaks_small, st_stairs_1, minmay_cupped, uniq_robin
D:3:      layout_loops_corners, gammafunk_temple_overflow_wave,
          marbit_many_paths
D:4:      layout_cave_pods, mainiacjoe_overflow_small_starburst
D:5:      minmay_recursive_quarters, layout_loops_corners,
          grunt_dithmenos_shadows, minmay_temple_entry_stoned_glass,
          ebering_ghost_sewer_f
D:6:      layout_loops_cross, minmay_lizard_king, uniq_blork_the_orc
D:7:      layout_cave_pods, enter_bailey_3, amcnicky_mini_pool_small,
          uniq_duvessa
D:8:      layout_basic, lemuel_crystal_altar, lemuel_doored_altar
D:9:      lemuel_ice_statue, layout_loops_ring, grunt_ministairs_5,
          minmay_increasing_density
D:10:     layout_basic, zombieorc2_lemuel,
          hangedman_abyss_or_decor_jellyfish_corner
D:11:     layout_loops_ring, lair_entry_dummy, special_room [special_room_orc]
D:12:     wad_mega_maze, layout_irregular_city,
          gammafunk_ghost_wrathful_warriors, gauntlet_entry_generic,
          minmay_protected_statue
Temple:   eino_wide_crystal_templ
Gauntlet: gammafunk_gauntlet_hard_choice
          [gammafunk_gauntlet_arena_split_diamond,
          minmay_gauntlet_arena_make_your_own_arena,
          gammafunk_gauntlet_arena_spirals, nicolae_gauntlet_arena_grate_2,
          gammafunk_gauntlet_arena_split_x,
          gammafunk_gauntlet_arena_arrow_garden, gauntlet_exit_watery]

Skill      XL: |  1  2  3  4  5  6  7  8  9 10 11 12 |
---------------+-------------------------------------+-----
Transmutations | 1 2 3 |  3.0
Earth Magic    | 4 5 6 8 9 10 12 | 12.7
Fighting       | 1 2 3 4 5 6 7 |  7.9
Stealth        | 3 4 5 6 |  6.0
Conjurations   | 2 3 5 7 8 10 | 10.7
Spellcasting   | 3 4 5 6 |  6.9
Translocations | 1 2 3 4 |  4.0
Dodging        | 3 4 |  4.0
Shields        | 1 3 4 |  4.6

Action                     |  1- 3 |  4- 6 |  7- 9 | 10-12 || total
---------------------------+-------+-------+-------+-------++-------
  Melee: Dagger            |    30 |     1 |       |       ||    31
         Sling             |       |       |       |     1 ||     1
   Fire: Sling             |       |    41 |   105 |   387 ||   533
   Cast: Sandblast         |    49 |    78 |    40 |    89 ||   256
         Stone Arrow       |       |       |    45 |   212 ||   257
         Poisonous Vapours |       |       |       |     4 ||     4
         Blink             |       |       |       |     1 ||     1
  Evoke: Wand              |       |       |       |     2 ||     2
    Use: Scroll            |       |     5 |     2 |     9 ||    16
         Potion            |       |       |       |     5 ||     5
 Armour: Robe              |    22 |    27 |    44 |   100 ||   193
         Leather armour    |       |       |       |   100 ||   100
  Dodge: Dodged            |    24 |    36 |    48 |   204 ||   312
